 Dungeon Crawl Stone Soup version 0.19-a0-1720-gc855d72 (webtiles) character file.

3671 kae the Carver (level 10, 0/83 HPs)
             Began as a Formicid Fighter on Sept 29, 2016.
             Was a Priest of Makhleb.
             Slain by Grum
             ... wielding a +1 halberd
              (15 damage)
             ... on level 8 of the Dungeon.
             The game lasted 00:12:11 (8825 turns).

kae the Carver (Formicid Fighter)                   Turns: 8825, Time: 00:12:12

Health: 0/83       AC:  7    Str: 24    XL:     10   Next: 34%
Magic:  10/10      EV:  8    Int:  8    God:    Makhleb [***...]
Gold:   411        SH: 10    Dex: 10    Spells: 0 memorised, 9 levels left

rFire  + . .     SeeInvis +     a - +0 long sword (venom)
rCold  . . .     Gourm    .     G - +1 ring mail {rF+}
rNeg   . . .     Faith    +     c - +1 shield
rPois  .         Spirit   .     (helmet unavailable)
rElec  .         Dismiss  .     (no cloak)
rCorr  +         Reflect  .     (no gloves)
MR     +....     Harm     .     (no boots)
Stlth  ..........               y - amulet of faith
                                o - ring of resist corrosion
                                H - ring of wizardry

@: no status effects
A: permanent stasis, dig shafts and tunnels, four strong arms, antennae 3
a: Dig, Shaft Self, Minor Destruction, Lesser Servant of Makhleb, Renounce
Religion


You were on level 8 of the Dungeon.
You worshipped Makhleb.
Makhleb was most pleased with you.
You were hungry.

You visited 2 branches of the dungeon, and saw 9 of its levels.
You also visited: Ossuary.

You collected 527 gold pieces.
You spent 116 gold pieces at shops.

Inventory:

Hand Weapons
 a - a +0 long sword of venom (weapon)
Armour
 c - a +1 shield (worn)
 G - a +1 ring mail of fire resistance (worn)
Jewellery
 k - an uncursed amulet of dismissal
 o - a ring of resist corrosion (right hand)
 q - an uncursed ring of stealth {unknown}
 y - an amulet of faith (around neck)
 H - a ring of wizardry (left hand)
 M - an uncursed amulet of the gourmand
Wands
 z - a wand of lightning (8/15)
 A - a wand of flame (28/48)
Scrolls
 d - a scroll of enchant armour
 j - 3 scrolls of magic mapping
 m - a scroll of fog
 p - 2 scrolls of recharging
 t - 2 scrolls of fear
 v - 5 scrolls of remove curse
 C - 7 scrolls of identify
Potions
 e - 8 potions of flight
 h - a potion of heal wounds {unknown}
 l - 5 potions of agility
 x - a potion of cure mutation {unknown}
 E - a potion of ambrosia {unknown}
 F - 2 potions of berserk rage {unknown}
 J - a potion of beneficial mutation {unknown}
 K - a potion of cancellation {unknown}
 L - 2 potions of mutation {unknown}
 N - a potion of might
Books
 n - a book of Power

   Spells                             Type                      Level
   a - Fulminant Prism                Conjuration/Hexes            4
   b - Iskenderun's Mystic Blast      Conjuration                  4
   c - Venom Bolt                     Conjuration/Poison           5
   d - Bolt of Magma                  Conjuration/Fire/Earth       5
   e - Iron Shot                      Conjuration/Earth            6
   f - Orb of Destruction             Conjuration                  7
   g - Spellforged Servitor           Conjuration/Summoning        7
 B - a book of Alchemy

   Spells                             Type                      Level
   a - Sublimation of Blood           Necromancy                   2
   b - Ignite Poison                  Fire/Transmutation/Poison    3
   c - Petrify                        Transmutation/Earth          4
   d - Alistair's Intoxication        Transmutation/Poison         5
   e - Irradiate                      Conjuration/Transmutation    5
Comestibles
 b - 5 chunks of flesh
 f - 4 bread rations
 g - 2 fruits
 i - 3 meat rations
 u - 4 slices of pizza
 w - a royal jelly


   Skills:
 + Level 9.4 Fighting
 * Level 11.7 Long Blades
 - Level 3.2 Armour
 - Level 3.6 Shields


You had 9 spell levels left.
You didn't know any spells.

Dungeon Overview and Level Annotations

Branches:
Dungeon (8/15)             Temple (1/1) D:4
   Lair: D:8-11

Altars:
Fedhas
Kikubaaqudgha
Makhleb
Nemelex Xobeh
Okawaru
Vehumet
Yredelemnul

Shops:
D:5 [   D:6 :}

Annotations:
D:2 exclusion: oklob plant
D:8 Grum


Innate Abilities, Weirdness & Mutations

You are under a permanent stasis effect.
You can dig through walls and to a lower floor.
Your four strong arms can wield two-handed weapons with a shield.
You have a pair of large antennae on your head. (SInv)


Message History

Grum barely misses you. x2
You completely miss Grum.
Grum is moderately wounded.
Grum hits you with an enchanted halberd!!
* * * LOW HITPOINT WARNING * * *
You are too injured to fight recklessly!
You are too injured to fight recklessly!
You are too injured to fight recklessly!
You feel better. You block Grum's attack.
You hit Grum.
Grum looks as sick as possible!
Grum is heavily wounded.
You block Grum's attack.
You hit Grum but do no damage.
Grum looks as sick as possible!
Grum is heavily wounded.
Grum hits you with an enchanted halberd!
* * * LOW HITPOINT WARNING * * *
You slash Grum!
Grum is almost dead.
Grum hits you with an enchanted halberd!
You die...

#. #. #.######.
### #.......# ..#
#######.# #.# #.#
##.##########..
####...........)##
#@#...#########.#
##g#.....######.##
###g##...........
##.##...........
##...#...#####.##
#...............#
#.#.[.#g..#####.#
#.##.##...# #.# #
#............#


You could see Grum.

Vanquished Creatures
  Prince Ribbit (D:6)
  A two-headed ogre (D:8)
  Eustachio (D:4)
  Menkaure (D:4)
  An ice beast (D:6)
  5 ogres
  A centaur (D:6)
  A phantom (D:5)
  2 big kobolds (D:7)
  5 bullfrogs
  2 scorpions (D:7)
  4 wights (D:6)
  3 howler monkeys
  2 bullfrog zombies
  3 crimson imps
  A bullfrog skeleton (D:7)
  2 orc priests
  3 hounds
  A centaur skeleton (D:7)
  Terence (D:3)
  6 orc wizards
  4 iguanas
  3 worker ants
  A killer bee zombie (Ossuary)
  4 hound zombies
  4 hound skeletons
  17 mummies
  2 howler monkey zombies (Ossuary)
  Robin (D:3)
  A worker ant zombie (Ossuary)
  4 gnolls (D:5)
  11 adders
  2 shadow imps
  An ooze (D:3)
  2 adder zombies
  2 adder skeletons
  2 worms (D:3)
  2 dart slugs
  3 leopard geckos
  16 orcs
  7 giant cockroaches
  16 goblins
  14 hobgoblins
  9 jackals
  2 quokkas
  A ball python (D:1)
  A ball python skeleton (D:6)
  4 bats
  7 frilled lizards
  A giant cockroach zombie (Ossuary)
  A jackal zombie (D:7)
  17 kobolds
  4 leopard gecko zombies
  2 quokka zombies (D:5)
  4 rats
219 creatures vanquished.

Vanquished Creatures (others)
  A centaur (D:7)
  2 withered plants (Ossuary)
3 creatures vanquished.

Grand Total: 222 creatures vanquished

Notes
Turn   | Place    | Note
-------+----------+-------------------------------------------
     0 | D:1      | kae the Formicid Fighter began the quest for the Orb.
     0 | D:1      | Reached XP level 1. HP: 18/18 MP: 1/1
   122 | D:1      | Reached XP level 2. HP: 18/24 MP: 2/2
   512 | D:1      | Reached skill level 3 in Long Blades
   512 | D:1      | Reached XP level 3. HP: 29/29 MP: 3/3
   972 | D:2      | Found a blossoming altar of Fedhas.
   985 | D:2      | Noticed an oklob plant
  1301 | D:2      | Reached XP level 4. HP: 28/37 MP: 4/4
  2060 | D:3      | Reached skill level 4 in Long Blades
  2060 | D:3      | Reached XP level 5. HP: 41/42 MP: 5/5
  2219 | D:3      | Noticed Terence
  2230 | D:3      | Killed Terence
  2333 | D:3      | Noticed Robin
  2346 | D:3      | Reached XP level 6. HP: 45/49 MP: 6/6
  2352 | D:3      | Reached skill level 5 in Long Blades
  2374 | D:3      | Killed Robin
  3328 | D:4      | Noticed Eustachio
  3460 | D:4      | Killed Eustachio
  3460 | D:4      | Reached skill level 5 in Fighting
  3460 | D:4      | Reached skill level 6 in Long Blades
  3460 | D:4      | Reached XP level 7. HP: 37/56 MP: 7/7
  3833 | D:4      | Noticed Menkaure
  3898 | D:4      | Killed Menkaure
  4126 | D:4      | Reached skill level 7 in Long Blades
  4156 | D:4      | Reached XP level 8. HP: 43/64 MP: 8/8
  4875 | D:4      | Found a staircase to the Ecumenical Temple.
  4913 | Temple   | Entered the Ecumenical Temple
  4927 | Temple   | Became a worshipper of Makhleb the Destroyer
  5105 | D:5      | Entered Level 5 of the Dungeon
  5115 | D:5      | Found an iron altar of Okawaru.
  5152 | D:5      | Found Zuozomim's Antique Armour Shop.
  5162 | D:5      | Bought a glowing ring mail for 116 gold pieces
  5322 | D:5      | Found a sand-covered staircase.
  5335 | D:5      | Reached skill level 8 in Long Blades
  5407 | Ossuary  | Entered an ossuary
  5581 | Ossuary  | Reached * piety under Makhleb
  6009 | Ossuary  | Reached XP level 9. HP: 64/72 MP: 9/9
  6046 | Ossuary  | Reached skill level 9 in Long Blades
  7006 | D:5      | Found a radiant altar of Vehumet.
  7266 | D:6      | Noticed Prince Ribbit
  7281 | D:6      | Killed Prince Ribbit
  7281 | D:6      | Reached skill level 10 in Long Blades
  7297 | D:6      | Reached ** piety under Makhleb
  7398 | D:6      | Found a burning altar of Makhleb.
  7399 | D:6      | Found Depipus's Gadget Shoppe.
  7572 | D:6      | Found Baopekk's Book Boutique.
  7870 | D:7      | Reached XP level 10. HP: 82/82 MP: 10/10
  7996 | D:7      | Reached skill level 11 in Long Blades
  8004 | D:7      | Reached *** piety under Makhleb
  8805 | D:8      | Noticed Grum
  8825 | D:8      | Slain by Grum

Vault maps used:
D:1:      zaba_arrival_water
D:2:      tgw_fedhas
D:3:      st_stairs_14, uniq_terence, uniq_robin
D:4:      minmay_divided_ellipse, uniq_eustachio, uniq_menkaure
D:5:      marbit_many_paths, serial_shops, shop, first_bread, basic_altar,
          gup_ossuary_entry_pyramid
D:6:      serial_shops, shop, nicolae_shop_temple_entry_statues_fountains,
          makhleb_heckhound_becter, uniq_prince_ribbit1
D:7:      lemuel_flamethrower_2
D:8:      grunt_ministairs_7, uniq_gastronok, uniq_erica, uniq_grum
Temple:   compressed_dpeg_circular_temple
Ossuary:  ossuary_zaba_flooded

Skill      XL: |  1  2  3  4  5  6  7  8  9 10 |
---------------+-------------------------------+-----
Long Blades    | 3 4 6 7 8 10 11 | 11.7
Fighting       | 4 5 7 8 9 |  9.4
Armour         | |  3.2
Shields        | |  3.6

Action                   |  1- 3 |  4- 6 |  7- 9 | 10-12 || total
-------------------------+-------+-------+-------+-------++-------
Melee: Long sword        |   121 |   269 |   532 |   141 ||  1063
 Abil: Dig               |       |     5 |     6 |     1 ||    12
  Use: Scroll            |     5 |       |     7 |       ||    12
       Potion            |       |       |     7 |     1 ||     8
 Stab: Distracted        |       |       |     1 |       ||     1
  Eat: Chunk             |     1 |     8 |    15 |     3 ||    27
       Fruit             |       |       |     1 |       ||     1
Armor: Scale mail        |    66 |    87 |    80 |       ||   233
       Skin              |       |       |     6 |       ||     6
       Ring mail         |       |       |    35 |    27 ||    62
Dodge: Dodged            |    31 |    76 |   104 |    23 ||   234
Block: Shield            |    54 |   100 |   167 |    53 ||   374
